 Dungeon Crawl Stone Soup version 0.13-a0-2477-geaae114 (webtiles) character file.

271 Rycklaryybbe the Insei (level 5, 0/37 HPs)
             Began as a Merfolk Transmuter on July 19, 2013.
             Slain by Terence
             ... wielding a +0,+0 flail
              (2 damage)
             ... on Level 3 of the Dungeon.
             The game lasted 00:12:36 (4582 turns).

Rycklaryybbe the Insei (Merfolk Transmuter)         Turns: 4582, Time: 00:12:37

HP   0/37        AC  2     Str 11      XL: 5   Next: 76%
MP   7/7         EV 18     Int 17      God:
Gold 73          SH  0     Dex 20      Spells:  2 memorised,  5 levels left

Res.Fire  : . . .   See Invis. : .     - Unarmed
Res.Cold  : . . .   Warding    : .   g - +0 robe
Life Prot.: . . .   Conserve   : .   (no shield)
Res.Poison: .       Res.Corr.  : .   (no helmet)
Res.Elec. : .       Clarity    : .   (no cloak)
Sust.Abil.: . .     Spirit.Shd : .   (no gloves)
Res.Mut.  : .       Stasis     : .   (no boots)
Res.Rott. : .       Flight     : .   (no amulet)
Saprovore : . . .                    (no ring)
                                     (no ring)

@: confused, brilliant, agile, slightly resistant to hostile enchantments,
fairly stealthy
A: change form in water, swift swim
a: no special abilities


You were on level 3 of the Dungeon.
You were very hungry.

You visited 1 branch of the dungeon, and saw 3 of its levels.

You collected 53 gold pieces.

Inventory:

Hand weapons
 f - a +0,+0 dagger
 h - a +0,+1 sling
 p - a +0,+0 hand axe
 v - a -1,+1 orcish club
 w - a cursed +0,-3 club
Missiles
 b - 31 arrows
 i - 29 stones (quivered)
Armour
 c - a +0 robe
 g - a +0 robe (worn)
 k - a +0 helmet
Comestibles
 a - a bread ration
 r - a meat ration
 t - 2 rotting chunks of orc flesh
 u - 3 rotting chunks of hobgoblin flesh
Scrolls
 j - a scroll of noise {unknown}
 n - 2 scrolls of remove curse {unknown}
 o - a scroll of identify {unknown}
 q - 2 scrolls of teleportation {unknown}
 s - 2 scrolls of curse armour {unknown}
Books
 d - a book of Changes

   Spells                             Type                      Level
   *Beastly Appendage                 Transmutation                1
   *Sticks to Snakes                  Transmutation                2
   Spider Form                        Transmutation/Poison         3
   Ice Form                           Ice/Transmutation            4
   Blade Hands                        Transmutation                5


   Skills:
 - Level 1.1 Fighting
 - Level 2.6 Dodging
 + Level 6.9 Unarmed Combat
 - Level 2.0 Spellcasting
 - Level 2.6 Transmutations


You had 5 spell levels left.
You knew the following spells:

 Your Spells              Type           Power        Failure   Level  Hunger
a - Beastly Appendage     Trmt           ###...       1%          1    #......
b - Sticks to Snakes      Trmt           ###.......   1%          2    ###....


Dungeon Overview and Level Annotations

Branches:
Dungeon (3/27)

Altars:

Annotations
D:3 Terence


Message History

You're too confused!
Ouch! Terence zaps a wand.
You are more confused.
Ouch! Terence misses you. Terence completely misses you.
Found 7 javelins of penetration.
Terence misses you.
Ouch! Terence hits you with a flail.
* * * LOW HITPOINT WARNING * * *
Ouch! Terence hits you with a flail.
* * * LOW HITPOINT WARNING * * *
Terence closely misses you.
You swing at nothing.
Terence hits you with a flail.
* * * LOW HITPOINT WARNING * * *
Drink which item? (? for menu, Esc to quit)
You feel your intelligence returning. Terence hits you with a flail.
* * * LOW HITPOINT WARNING * * *
Terence hits you with a flail.
You die...

.######### . ........)#
.... .#######)# ...# .#
#.# ...# ## #.# ...#
###### #.# ...#
.....###.# ...#
.##...##.########...#####
.##......##.....@.......(
......#........@.........
.....##.###..^...........
........# ######....#.##
.....#### #........
.....# #.?..#.# #.##.#
#....#.# ..##.# #......
.....# #.....


You could see Terence.

Vanquished Creatures
  A crimson imp (D:2)
  An orc wizard (D:3)
  6 adders
  A giant mite (D:1)
  5 giant geckos
  An ooze (D:1)
  4 orcs (D:3)
  4 giant cockroaches
  14 goblins
  5 hobgoblins
  7 jackals
  6 kobolds
  A quokka (D:2)
  7 bats
  6 giant newts
  8 rats
77 creatures vanquished.

Notes
Turn   | Place    | Note
--------------------------------------------------------------
     0 | D:1      | Rycklaryybbe, the Merfolk Transmuter, began the quest for the Orb.
     0 | D:1      | Reached XP level 1. HP: 15/15 MP: 1/1
   223 | D:1      | Reached skill level 4 in Unarmed Combat
   223 | D:1      | Reached XP level 2. HP: 4/21 MP: 0/3
  1013 | D:1      | Reached XP level 3. HP: 16/26 MP: 4/4
  2071 | D:2      | Reached skill level 5 in Unarmed Combat
  2472 | D:2      | Reached XP level 4. HP: 16/32 MP: 4/6
  3834 | D:2      | Reached skill level 6 in Unarmed Combat
  3834 | D:2      | Reached XP level 5. HP: 30/37 MP: 7/7
  4333 | D:3      | Learned a level 2 spell: Sticks to Snakes
  4527 | D:3      | Noticed Terence
  4581 | D:3      | HP: 1/37 [Terence/flail (3)]
  4582 | D:3      | Slain by Terence

Action                   |  1- 3 |  4- 6 || total
-------------------------+-------+-------++-------
Melee: Dagger            |   199 |       ||   199
       Unarmed           |    29 |   129 ||   158
Throw: Stone             |    12 |     9 ||    21
 Cast: Beastly Appendage |     4 |    11 ||    15
       Sticks to Snakes  |       |     1 ||     1
  Use: Potion            |       |     6 ||     6
